 Dungeon Crawl Stone Soup version 0.23.2-1-ga50397a6bc (webtiles) character file.

Game seed: 10416031988973137648

188 Mrkan the Slasher (level 5, -3/43 HPs)
             Began as a Barachi Fighter on May 20, 2019.
             Slain by Grinder (4 damage)
             ... while paralysed by Grinder
             ... on level 3 of the Dungeon.
             The game lasted 00:03:58 (1542 turns).

Mrkan the Slasher (Barachi Fighter)                 Turns: 1542, Time: 00:03:58

Health: -3/43      AC:  9    Str: 23    XL:     5   Next: 67%
Magic:  5/5        EV:  2    Int:  8    God:
Gold:   158        SH:  0    Dex: 12    Spells: 4/4 levels left

rFire    . . .     SeeInvis .   a - +0 long sword
rCold    . . .     Gourm    .   c - +0 shield
rNeg     . . .     Faith    .   p - +0 chain mail
rPois    .         Spirit   .   (no helmet)
rElec    .         Reflect  .   (no cloak)
rCorr    .         Harm     .   (no gloves)
MR       .....                  (no boots)
Stlth    ..........             (no amulet)
HPRegen  0.14/turn              (no ring)
MPRegen  0.09/turn              (no ring)

@: paralysed, mighty, slow
A: +LOS, swims, slowness 1, strong legs 1
a: Hop


You were on level 3 of the Dungeon.
You were hungry.

You visited 1 branch of the dungeon, and saw 3 of its levels.

You collected 158 gold pieces.

Inventory:

Hand Weapons
 a - a +0 long sword (weapon)
Armour
 c - a +0 shield (worn)
 p - a +0 chain mail (worn)
Scrolls
 e - 3 scrolls of identify {unknown}
 h - a scroll of remove curse {unknown}
 j - 3 scrolls of teleportation {unknown}
 l - a scroll of immolation {unknown}
Potions
 b - a potion of magic {unknown}
 d - a potion of might
 g - a potion of haste {unknown}
 i - 3 potions of heal wounds {unknown}
 k - a potion of curing {unknown}
 m - a potion of resistance {unknown}
 n - a potion of mutation {unknown}
 o - a potion of flight {unknown}
 q - a potion of agility {unknown}
Comestibles
 f - 2 rations


   Skills:
 + Level 4.6 Fighting
 * Level 4.7 Long Blades
 + Level 4.6 Armour
 + Level 4.2 Shields


You had 4 spell levels left.
You didn't know any spells.
Your spell library was empty.

Dungeon Overview and Level Annotations

Branches:
Dungeon (3/15)

Altars:
Gozag
Zin

Annotations:
D:3 Grinder


Innate Abilities, Weirdness & Mutations

Shadows flee at your approach. (+LOS)
You can swim through water.
You cover ground slowly.
You can hop short distances.


Message History

You see here a spear.
You feel very mighty all of a sudden. Grinder hits you.
* * * LOW HITPOINT WARNING * * *
You closely miss Grinder.
Grinder is moderately wounded.
Grinder hits you but does no damage.
You slice Grinder!!
Grinder is severely wounded.
Grinder blinks!
Grinder gestures at you.
You barely resist.
Grinder says, "Wait up."
Grinder gestures at you.
You suddenly lose the ability to move!
Grinder hits you but does no damage. Grinder hits you.
* * * LOW HITPOINT WARNING * * *
You writhe in agony.
You die...

.........'....'.†....?.......>)
##########....######.#..#..#.#
......# #....##!....#.b#!.#.#..
......####....##.#####.........#
..............##.# #5##..###.#
..............##.#####.. .....
#.......)......#.5...#.. ...<.#
#..............#####)#.. ..##.#
...............5@....##.. .. .
###'##########.####### #......##
........)......÷....# .s.......
#...######.#.###.##.####..# ..##.
######.........#..........#......
# #.........####..####.#....s #
#............)............ .
##..........####.####.#..##.#
#...........# #......#......


You could see Grinder.

Vanquished Creatures
  Ijyb (D:3)
  Terence (D:3)
  A worker ant (D:3)
  2 adders
  2 oozes
  A worm (D:3)
  3 dart slugs
  4 leopard geckos
  4 orcs (D:3)
  2 ball pythons (D:2)
  9 giant cockroaches
  2 goblins (D:1)
  3 hobgoblins
  9 jackals
  10 kobolds
  8 bats
  5 frilled lizards
  3 rats (D:3)
70 creatures vanquished.

Notes
Turn   | Place    | Note
-------+----------+-------------------------------------------
     0 | D:1      | Mrkan the Barachi Fighter began the quest for the Orb.
     0 | D:1      | Reached XP level 1. HP: 18/18 MP: 1/1
   115 | D:1      | Reached XP level 2. HP: 25/25 MP: 2/2
   192 | D:1      | Reached XP level 3. HP: 19/30 MP: 3/3
   813 | D:2      | Found a glowing silver altar of Zin.
   824 | D:2      | Reached XP level 4. HP: 31/37 MP: 4/4
  1024 | D:3      | Noticed Terence
  1062 | D:3      | Killed Terence
  1180 | D:3      | Reached XP level 5. HP: 40/43 MP: 5/5
  1199 | D:3      | Noticed Ijyb
  1277 | D:3      | Killed Ijyb
  1414 | D:3      | Found an opulent altar of Gozag.
  1492 | D:3      | Noticed Grinder
  1500 | D:3      | Paralysed by Grinder for 2 turns
  1519 | D:3      | Paralysed by Grinder for 3 turns
  1536 | D:3      | HP: 2/43 [Grinder (4)]
  1540 | D:3      | Paralysed by Grinder for 7 turns
  1542 | D:3      | HP: 1/43 [Grinder (2)]
  1542 | D:3      | Slain by Grinder

Skill      XL: |  1  2  3  4 |
---------------+-------------+-----
Long Blades    | 3 4 |  4.7
Fighting       | 4 |  4.6
Armour         | 4 |  4.6
Shields        | 4 |  4.2

Action                   |  1- 3 |  4- 6 || total
-------------------------+-------+-------++-------
Melee: Long sword        |   122 |   170 ||   292
  Use: Potion            |       |     1 ||     1
  Eat: Chunk             |       |     3 ||     3
Armor: Scale mail        |    68 |       ||    68
       Chain mail        |    16 |   115 ||   131
Dodge: Dodged            |    60 |    48 ||   108
Block: Shield            |    89 |   108 ||   197
       Rpst.: Long sword |    16 |    16 ||    32
